 Dungeon Crawl Stone Soup version 0.18.1-48-g4cf74bf (webtiles) character file.

114 PossumBlood the Sneak (level 4, -7/30 HPs)
             Began as a Vampire Enchanter on Aug 25, 2016.
             Killed from afar by an orc wizard (8 damage)
             ... with a magic dart
             ... on level 3 of the Dungeon.
             The game lasted 00:07:03 (3483 turns).

PossumBlood the Sneak (Vampire Enchanter)           Turns: 3483, Time: 00:07:04

Health: -7/30      AC:  5    Str:  7    XL:     4   Next: 66%
Magic:  8/8        EV: 19    Int: 18    God:
Gold:   108        SH:  0    Dex: 14    Spells: 1 memorised, 7 levels left

rFire  . . .     SeeInvis +     q - +2 dagger (speed)
rCold  . . .     Gourm    .     b - +1 robe
rNeg   + . .     Faith    .     (no shield)
rPois  .         Spirit   .     (no helmet)
rElec  .         Dismiss  .     e - +0 cloak
rCorr  .         Reflect  .     (no gloves)
SustAt .         Harm     .     o - +0 pair of boots
MR     .....                    (no amulet)
Stlth  +++.......               r - +3 ring of evasion
                                m - +3 ring of evasion

@: not resistant to hostile enchantments, fairly stealthy
A: fangs 3, see invisible, unbreathing
a: Bat Form


You were on level 3 of the Dungeon.
You were not thirsty.

You visited 1 branch of the dungeon, and saw 3 of its levels.

You collected 108 gold pieces.

Inventory:

Hand Weapons
 a - a +1 dagger
 g - a +1 dagger of flaming
 q - a +2 dagger of speed (weapon)
Armour
 b - a +1 robe (worn)
 e - a +0 cloak (worn)
 o - a +0 pair of boots (worn)
Jewellery
 m - a +3 ring of evasion (left hand)
 r - a +3 ring of evasion (right hand)
Wands
 i - a wand of random effects (34/48)
Scrolls
 h - a scroll of teleportation
 s - a scroll of identify
Potions
 d - 10 potions of blood
 f - a potion of resistance {unknown}
 j - 3 potions of curing {unknown}
 k - 4 potions of heal wounds {unknown}
 l - 6 potions of lignification {unknown}
 n - a potion of degeneration {unknown}
 p - a potion of might {unknown}
Books
 c - a book of Maledictions

   Spells                             Type                      Level
   a - Corona                         Hexes                        1
   b - Ensorcelled Hibernation        Hexes/Ice                    2
   c - Confuse                        Hexes                        3
   d - Tukima's Dance                 Hexes                        3
   e - Dazzling Spray                 Conjuration/Hexes            3


   Skills:
 + Level 2.0 Short Blades
 + Level 2.9 Dodging
 + Level 5.4 Stealth
 + Level 2.9 Spellcasting
 + Level 5.3 Hexes


You had 7 spell levels left.
You knew the following spells:

 Your Spells              Type           Power        Failure   Level  Hunger
a - Corona                Hex            ###....      1%          1    None


Dungeon Overview and Level Annotations

Branches:
Dungeon (3/15)

Altars:
Nemelex Xobeh
Pakellas


Innate Abilities, Weirdness & Mutations

You have razor-sharp teeth.
You have supernaturally acute eyesight.
You can survive without breathing.


Message History

The orc wizard is almost dead.
The orc wizard casts a spell at you. The puff of flame hits you!
* * * LOW HITPOINT WARNING * * *
The orc hits you but does no damage. The orc wizard closely misses you.
You are too injured to fight recklessly!
You are too injured to fight recklessly!
You are too injured to fight recklessly!
You are too injured to fight recklessly!
Drink which item? (? for menu, Esc to quit)
Yummy - fresh blood!
You are feeling thirsty.
The orc wizard completely misses you. The orc wizard hits you with a dagger.
* * * LOW HITPOINT WARNING * * *
The orc closely misses you.
Drink which item? (? for menu, Esc to quit)
Yummy - fresh blood!
The orc wizard gestures at you while chanting.
The magic dart hits you!
You die...

######### .......### ### .
.....!..##########.. ..
.....# ............ #. #..<.#
##.....###.. #.
##ooo.###.......##..
######.###..@).##.........#..
........##.....##............
..........................#..
...............##.........#..
........###..####.........###
........# ##.## #.........#
........## #..# #.........#
#####....####.###.........###
###......##..##............


You could see 2 orc wizards and an orc.

Vanquished Creatures
  3 adders
  An ooze (D:1)
  2 worms (D:2)
  2 dart slugs
  A giant gecko (D:2)
  An orc (D:3)
  4 ball pythons
  9 bats
  2 giant cockroaches
  8 goblins
  8 hobgoblins
  14 kobolds
  A quokka (D:3)
  6 giant newts
  9 rats
71 creatures vanquished.

Vanquished Creatures (others)
  A crocodile (D:2)
1 creature vanquished.

Grand Total: 72 creatures vanquished

Notes
Turn   | Place    | Note
--------------------------------------------------------------
     0 | D:1      | PossumBlood the Vampire Enchanter began the quest for the Orb.
     0 | D:1      | Reached XP level 1. HP: 13/13 MP: 3/3
    54 | D:1      | Reached XP level 2. HP: 13/19 MP: 5/5
   895 | D:1      | Reached XP level 3. HP: 24/24 MP: 6/6
   921 | D:2      | Reached skill level 5 in Hexes
  1408 | D:2      | Reached skill level 5 in Stealth
  1842 | D:2      | Reached XP level 4. HP: 26/30 MP: 7/7
  2878 | D:2      | You fall through a shaft!
  2910 | D:3      | Found a sparkling altar of Nemelex Xobeh.
  3097 | D:2      | Found an oddly glowing altar of Pakellas.
  3097 | D:2      | Noticed an orange crystal statue
  3098 | D:2      | Noticed a crocodile
  3106 | D:2      | Killed a crocodile
  3482 | D:3      | HP: 1/30 [orc wizard/dagger (1)]
  3483 | D:3      | Killed from afar by an orc wizard

Skill      XL: |  1  2  3 |
---------------+----------+-----
Hexes          | 5 |  5.3
Short Blades   | 2 |  2.0
Stealth        | 5 |  5.4
Dodging        | |  2.9
Spellcasting   | |  2.9

Action                   |  1- 3 |  4- 6 || total
-------------------------+-------+-------++-------
Melee: Dagger            |   188 |    99 ||   287
       Bite              |    11 |     9 ||    20
 Cast: Corona            |     1 |       ||     1
  Use: Scroll            |       |     7 ||     7
       Potion            |       |     3 ||     3
 Stab: Sleeping          |     8 |     8 ||    16
       Distracted        |       |     1 ||     1
Armor: Robe              |    36 |    10 ||    46
Dodge: Dodged            |   146 |    53 ||   199
